 Dungeon Crawl Stone Soup version 0.13-a0-2485-g242ae62 (webtiles) character file.

922 JogiH the Grave Robber (level 7, 0/40 (41) HPs)
             Began as an Octopode Necromancer on July 21, 2013.
             Was an Initiate of Kikubaaqudgha.
             Slain by a sky beast (5 damage)
             ... on Level 4 of the Dungeon.
             The game lasted 00:25:33 (6914 turns).

JogiH the Grave Robber (Octopode Necromancer)       Turns: 6914, Time: 00:25:33

HP   0/40 (41)   AC  1     Str  7      XL: 7   Next: 55%
MP  14/18        EV 13     Int 19      God: Kikubaaqudgha [......]
Gold 264         SH  0     Dex 13      Spells:  2 memorised, 11 levels left

Res.Fire  : + . .   See Invis. : .   F - staff of conjuration
Res.Cold  : . . .   Warding    : .   (no shield)
Life Prot.: . . .   Conserve   : .   (helmet restricted)
Res.Poison: .       Res.Corr.  : .   o - amulet of stasis {unknown}
Res.Elec. : .       Clarity    : .   g - ring of protection from fire {unknown}
Sust.Abil.: + +     Spirit.Shd : .   r - ring of sustain abilities {unknown}
Res.Mut.  : .       Stasis     : +   x - ring of sustain abilities {unknown}
Res.Rott. : .       Flight     : .   (no ring)
Saprovore : . . .                    (no ring)
                                     (no ring)
                                     (no ring)
                                     (no ring)

@: mildly poisoned, slightly resistant to hostile enchantments, quite stealthy
A: almost no armour, amphibious, 8 rings, constrict 8, camouflage 1, AC +1
a: Renounce Religion


You were on level 4 of the Dungeon.
You worshipped Kikubaaqudgha.
Kikubaaqudgha was noncommittal.
You were hungry.

You visited 2 branches of the dungeon, and saw 6 of its levels.

You collected 244 gold pieces.

Inventory:

Hand weapons
 A - a +3,+0 elven whip of reaching
 B - a +4,+3 quarterstaff of chaos
Magical devices
 I - a wand of frost (13) {unknown}
Comestibles
 c - 3 bread rations
 p - 2 chokos
 s - 2 pears
 u - 2 meat rations
 G - a lemon
Scrolls
 a - a scroll of amnesia {unknown}
 d - 3 scrolls of identify {unknown}
 e - a scroll of recharging {unknown}
 h - 2 scrolls of fog {unknown}
 i - 2 scrolls of enchant weapon II {unknown}
 k - a scroll of random uselessness {unknown}
 m - 2 scrolls of noise {unknown}
 n - a scroll of curse weapon {unknown}
 q - 4 scrolls of blinking {unknown}
 w - a scroll of enchant weapon I {unknown}
 y - 2 scrolls of enchant armour {unknown}
 D - a scroll of remove curse {unknown}
 E - a scroll of vulnerability {unknown}
Jewellery
 g - a ring of protection from fire (left tentacle) {unknown}
 o - an amulet of stasis (around mantle) {unknown}
 r - a ring of sustain abilities (right tentacle) {unknown}
 x - a ring of sustain abilities (on tentacle) {unknown}
 H - an uncursed ring of sustenance {unknown}
Potions
 f - a potion of invisibility {unknown}
 j - a potion of cure mutation {unknown}
 l - a potion of paralysis {unknown}
 t - a potion of curing
 v - a potion of poison
 C - a potion of degeneration {unknown}
Books
 b - a book of Necromancy

   Spells                             Type                      Level
   *Pain                              Necromancy                   1
   Animate Skeleton                   Necromancy                   1
   Lethal Infusion                    Charms/Necromancy            2
   Vampiric Draining                  Necromancy                   3
   Regeneration                       Charms/Necromancy            3
   *Animate Dead                      Necromancy                   4
   Control Undead                     Necromancy                   4
Magical staves
 F - an uncursed staff of conjuration (weapon)
Miscellaneous
 z - a plain deck of escape


   Skills:
 + Level 2.8 Dodging
 + Level 3.4 Stealth
 + Level 5.4 Spellcasting
 + Level 6.0 Necromancy


You had 11 spell levels left.
You knew the following spells:

 Your Spells              Type           Power        Failure   Level  Hunger
a - Pain                  Necr           ####         1%          1    None
b - Animate Dead          Necr           N/A          12%         4    ####...


Dungeon Overview and Level Annotations

Branches:
Dungeon (5/27)             Temple (1/1) D:5

Altars:
Ashenzari
Kikubaaqudgha
Makhleb
Nemelex Xobeh
Sif Muna
Vehumet
the Shining One


Innate Abilities, Weirdness & Mutations

You cannot wear most types of armour.
You are amphibious.
You can wear up to eight rings at the same time.
You can use your tentacles to constrict many enemies at once.
Your skin changes colour to match your surroundings (Stlth).
Your rubbery body absorbs attacks (AC +1).


Message History

The sky beast struggles to resist.
The sky beast hits you. The sky beast shocks you.
* * * LOW HITPOINT WARNING * * *
Casting: Pain
Confirm with . or Enter, or press ? or * to list all spells.
Aiming: Pain
Press: ? - help, Shift-Dir - straight line, f/p - sky beast
Aim: a sky beast (heavily wounded)
The sky beast convulses in agony!
The sky beast closely misses you.
Drink which item? (? for menu, Esc to quit)
That liquid tasted very nasty...
You are poisoned.
It was a potion of poison.
* * * LOW HITPOINT WARNING * * *
You feel sick.
The sky beast flickers out of sight!
Deactivating autopickup; reactivate with Ctrl-A.
It hits you.
* * * LOW HITPOINT WARNING * * *
It shocks you.
You die...
Kikubaaqudgha rasps: "You have failed me!
Welcome... death!"

##..........#..#...#z.#
##..........#.........#
♣#####
#..........############
♣#..)# ##.........#
z....# #.........#
♣#...# #.........#
♣##### ###.........# ♣♣
##.#.........#
#....)...@...#
###..###########
##..### #...# ##.## ###


There were no monsters in sight!

Vanquished Creatures
  A sky beast (D:5)
  An ogre (D:4)
  2 crimson imps (D:4)
  An orc wizard (D:3)
  Crazy Yiuf (D:4)
  2 scorpions
  2 jellies (D:5)
  3 gnolls (D:3)
  7 adders
  2 giant mites
  An inept feature mimic (D:4)
  3 worms
  5 giant geckos
  7 orcs
  A ball python (D:2)
  4 giant cockroaches
  16 hobgoblins
  10 bats
  10 giant newts
  8 goblins
  2 hobgoblin skeletons
  9 kobolds
  2 quokkas
  10 rats
  A rat zombie (D:5)
111 creatures vanquished.

Vanquished Creatures (collateral kills)
  A hound (D:4)
  An adder (D:4)
  An orc (D:3)
  A quokka (D:4)
4 creatures vanquished.

Vanquished Creatures (others)
  4 bat zombies
  A giant cockroach zombie (D:2)
  A giant gecko zombie (D:3)
  A giant mite zombie (D:4)
  2 goblin zombies (D:3)
  4 hobgoblin zombies
  2 orc zombies
15 creatures vanquished.

Grand Total: 130 creatures vanquished

Notes
Turn   | Place    | Note
--------------------------------------------------------------
     0 | D:1      | JogiH, the Octopode Necromancer, began the quest for the Orb.
     0 | D:1      | Reached XP level 1. HP: 11/11 MP: 3/3
   717 | D:1      | Reached XP level 2. HP: 15/17 MP: 2/4
  1490 | D:2      | Reached XP level 3. HP: 19/21 MP: 4/6
  1916 | D:2      | Found a shattered altar of Ashenzari.
  2117 | D:2      | Reached XP level 4. HP: 21/27 MP: 2/8
  2196 | D:2      | Learned a level 4 spell: Animate Dead
  3310 | D:3      | Reached XP level 5. HP: 22/31 MP: 11/11
  4088 | D:3      | Reached skill level 5 in Necromancy
  4157 | D:3      | Found a burning altar of Makhleb.
  4623 | D:4      | Found a sparkling altar of Nemelex Xobeh.
  4691 | D:4      | Reached XP level 6. HP: 27/36 MP: 9/14
  5276 | D:4      | Noticed Crazy Yiuf
  5282 | D:4      | Killed Crazy Yiuf
  5726 | D:4      | Reached skill level 5 in Spellcasting
  5726 | D:4      | Reached XP level 7. HP: 33/40 MP: 17/17
  6057 | D:4      | Found a radiant altar of Vehumet.
  6113 | D:5      | Entered Level 5 of the Dungeon
  6227 | D:5      | Reached skill level 6 in Necromancy
  6516 | D:5      | Noticed an iron devil
  6532 | D:5      | Found a staircase to the Ecumenical Temple.
  6540 | Temple   | Entered the Ecumenical Temple
  6552 | Temple   | Became a worshipper of Kikubaaqudgha
  6596 | D:5      | Noticed an angel
  6914 | D:4      | Slain by a sky beast

Action                   |  1- 3 |  4- 6 |  7- 9 || total
-------------------------+-------+-------+-------++-------
Melee: Unarmed           |     7 |   108 |    13 ||   128
       Staff             |       |       |    13 ||    13
 Cast: Pain              |    55 |   123 |    51 ||   229
       Animate Dead      |       |     9 |     1 ||    10
  Use: Potion            |       |     1 |     1 ||     2
 Stab: Sleeping          |       |     3 |       ||     3
       Distracted        |       |     2 |       ||     2
